 Dungeon Crawl Stone Soup version 0.17-a0-1793-gcbb3aa1 (webtiles) character file.

11 shakdrar the Grasshopper (level 2, 0/24 HPs)
             Began as a Ghoul Warper on Sept 9, 2015.
             Slain by a hobgoblin (1 damage)
             ... on level 1 of the Dungeon.
             The game lasted 00:01:50 (328 turns).

shakdrar the Grasshopper (Ghoul Warper)              Turns: 328, Time: 00:01:51

Health: 0/24       AC:  3    Str: 14    XL:     2   Next: 25%
Magic:  3/3        EV: 11    Int:  8    God:
Gold:   33         SH:  0    Dex:  8    Spells: 1 memorised, 3 levels left

rFire  . . .     SeeInvis .       - Unarmed
rCold  + . .     Clarity  .     a - +0 leather armour
rNeg   + + +     SustAt   .     (no shield)
rPois  ∞         Gourm    .     (no helmet)
rElec  .         Spirit   .     (no cloak)
rCorr  .         Warding  .     (no gloves)
rMut   .         Stasis   .     (no boots)
MR     .....                    (no amulet)
Stlth  +.........               (no ring)
                                (no ring)

@: rotting, not resistant to hostile enchantments, very unstealthy
A: rotting body, claws 1, carnivore 3, cold resistance 1, negative energy
resistance 3, slow healing 1, torment resistance, unbreathing
a: no special abilities


You were on level 1 of the Dungeon.
You were not hungry.

You visited 1 branch of the dungeon, and saw 1 of its levels.

You collected 33 gold pieces.

Inventory:

Missiles
 d - 5 tomahawks of dispersal (quivered)
Armour
 a - a +0 leather armour (worn)
Jewellery
 i - a cursed -3 ring of protection {unknown}
Scrolls
 c - a scroll of blinking
 f - a scroll of amnesia {unknown}
Potions
 g - a potion of brilliance {unknown}
 h - a potion of degeneration {unknown}
Books
 b - a book of Spatial Translocations

   Spells                             Type                      Level
   a - Apportation                    Translocation                1
   b - Blink                          Translocation                2
   c - Shroud of Golubria             Charms/Translocation         2
   d - Portal Projectile              Translocation                3
   e - Teleport Other                 Translocation                3
   f - Passage of Golubria            Translocation                4
Comestibles
 e - a meat ration
 j - a beef jerky


   Skills:
 - Level 2.1 Fighting
 + Level 1.3 Throwing
 + Level 1.1 Armour
 + Level 2.1 Dodging
 - Level 2.1 Unarmed Combat
 - Level 1.7 Spellcasting
 - Level 2.6 Translocations


You had 3 spell levels left.
You knew the following spells:

 Your Spells              Type           Power        Failure   Level  Hunger
a - Apportation           Tloc           #.........   17%         1    ##.....


Dungeon Overview and Level Annotations

Branches:
Dungeon (1/15)

Altars:


Innate Abilities, Weirdness & Mutations

Your body is rotting away.
You thrive on raw meat.
You are immune to poison.
You have sharp fingernails.
You are carnivorous and can eat meat at any time.
Your flesh is cold resistant.
You are immune to negative energy.
You heal slowly when monsters are visible.
You are immune to unholy pain and torment.
You can survive without breathing.


Message History

The hobgoblin is lightly wounded.
The hobgoblin hits you but does no damage.
You closely miss the hobgoblin.
The hobgoblin is lightly wounded.
The hobgoblin hits you.
* * * LOW HITPOINT WARNING * * *
You scratch the hobgoblin.
The hobgoblin is heavily wounded.
The hobgoblin hits you but does no damage.
You scratch the hobgoblin.
The hobgoblin is severely wounded.
The hobgoblin closely misses you.
You barely miss the hobgoblin.
The hobgoblin is severely wounded.
The hobgoblin hits you.
* * * LOW HITPOINT WARNING * * *
You scratch the hobgoblin but do no damage.
The hobgoblin is severely wounded.
The hobgoblin hits you.
You die...

#...... ..>.... #####......
... ....## #.......... ......
...#.###...... #.#.#.##.#.#
#...... ..........###...... #
# #.####....÷..#####
#...#.#.....###.######## ####
#.....g@...# ##.###.)..
#####..# ......###.##
##....#.# ≈≈≈....#
#########.### #.#...##
#####..####......#...#
##.......
##.........#.#...####.#####..
#####..###.............#.##
#.. #.##.#.#
#............)...# ♣..
#......# ##............####
♣.. ####.#### #....#.#...###
♣..


You could see a hobgoblin.

Vanquished Creatures
  3 hobgoblins (D:1)
  A bat (D:1)
  A giant newt (D:1)
  4 goblins (D:1)
  2 rats (D:1)
11 creatures vanquished.

Notes
Turn   | Place    | Note
--------------------------------------------------------------
     0 | D:1      | shakdrar the Ghoul Warper began the quest for the Orb.
     0 | D:1      | Reached XP level 1. HP: 17/17 MP: 2/2
    38 | D:1      | Reached skill level 1 in Throwing
   129 | D:1      | Reached skill level 1 in Armour
   159 | D:1      | Reached XP level 2. HP: 16/24 MP: 3/3
   327 | D:1      | HP: 1/24 [hobgoblin (4)]
   328 | D:1      | Slain by a hobgoblin

Vault maps used:
D:1:      lemuel_arrival_river_bridge, corexii_corridor_pit, hex_medium,
          st_stairs_14

Action                   || total
-------------------------++-------
Melee: Unarmed           ||    57
  Eat: Chunk             ||     8
